 Dungeon Crawl Stone Soup version 0.27-a0-1324-ge0d8e047f6 (webtiles) character file.

Game seed: 18146742169266967879

18113 Arzdou the Cleaver (level 12, -4/108 HPs)
             Began as a Minotaur Berserker on June 21, 2021.
             Was an Elder of Trog.
             Succumbed to barbed spike wounds
             ... on level 11 of the Dungeon on June 23, 2021.
             The game lasted 00:31:04 (12521 turns).

Arzdou the Cleaver (Minotaur Berserker)            Turns: 12521, Time: 00:31:05

Health: -4/108     AC: 20    Str: 24    XL:     12   Next: 24%
Magic:  0/11       EV: 11    Int:  4    God:    Trog [****..]
Gold:   480        SH:  0    Dex: 13    Spells: 11/11 levels left

rFire    + . .     SeeInvis .   r - +4 war axe
rCold    x . .     Faith    .   (no shield)
rNeg     . . .     Spirit   +   t - +2 shadow dragon scales
rPois    +         Reflect  .   (helmet restricted)
rElec    .         Harm     .   B - +0 cloak
rCorr    .         Rampage  .   v - +0 pair of gloves
Will     ++...                  (no boots)
Stlth    ++++......             x - amulet of guardian spirit
HPRegen  1.28/turn              m - ring of fire
MPRegen  0.12/turn              F - ring of poison resistance

@: strong-willed, spiked, regenerating
A: horns 2, retaliatory headbutt
a: Renounce Religion, Berserk, Trog's Hand, Brothers in Arms


You were on level 11 of the Dungeon.
You worshipped Trog.
Trog was greatly pleased with you.
You visited 1 branch of the dungeon, and saw 11 of its levels.
You also visited: Bailey.

You collected 1579 gold pieces.
You spent 1099 gold pieces at shops.

Inventory:

Hand Weapons
 r - a +4 war axe (weapon)
Armour
 o - a +1 ring mail
 t - +2 shadow dragon scales (worn)
 v - a +0 pair of gloves (worn)
 y - a +2 scale mail of positive energy
 A - a +2 scale mail of fire resistance
 B - a +0 cloak (worn)
Jewellery
 m - a ring of fire (left hand)
 n - an amulet of magic regeneration
 u - an amulet of the acrobat
 x - an amulet of guardian spirit (around neck)
 F - a ring of poison resistance (right hand)
Wands
 i - a wand of digging (5)
 j - a wand of charming (9)
 k - a wand of iceblast (5)
 C - a wand of mindburst (10)
 G - a wand of paralysis (6)
 I - a wand of flame (17)
Scrolls
 c - a scroll of immolation
 d - 6 scrolls of teleportation
 h - 2 scrolls of torment
 q - a scroll of holy word
 w - a scroll of fog
Potions
 a - a potion of magic
 b - 3 potions of might
 e - 5 potions of flight
 f - a potion of brilliance
 g - a potion of degeneration {unknown}
 p - a potion of berserk rage
 s - a potion of cancellation
 z - 2 potions of curing
 D - a potion of invisibility
 E - a potion of ambrosia
 H - a potion of haste


   Skills:
 + Level 10.7 Fighting
 + Level 14.0 Axes
 + Level 11.9 Armour
 + Level 5.6 Dodging
 + Level 6.7 Stealth


You had 11 spell levels left.
You didn't know any spells.
Your spell library was empty.

Dungeon Overview and Level Annotations

Branches:
Dungeon (11/15)            Temple (0/1) D:5            Lair (0/6) D:10
 Bailey (visited)
    Orc: D:9-12

Altars:
Fedhas
Makhleb
Okawaru
Ru
Trog
Vehumet
Xom

Shops:
D:10 *   D:11 !

Annotations:
D:7 2 transporters


Innate Abilities, Weirdness & Mutations

You have a pair of horns on your head.
You reflexively headbutt those who attack you in melee.


Message History

The barbed spikes dig painfully into your body as you move.
* * * LOW HITPOINT WARNING * * *
Something hits you.
* * * LOW HITPOINT WARNING * * *
Reactivating autopickup.
Okay, then.
Your skin crawls.
You feel strong-willed.
You feel much better.
The barbed spikes dig painfully into your body as you move.
The barbed spikes dig painfully into your body as you move.
* * * LOW HITPOINT WARNING * * *
The orc priest casts a cantrip, but nothing happens.
The barbed spikes dig painfully into your body as you move.
* * * LOW HITPOINT WARNING * * *
The barbed spikes dig painfully into your body as you move.
* * * LOW HITPOINT WARNING * * *
The barbed spikes dig painfully into your body as you move.
* * * LOW HITPOINT WARNING * * *
The orc priest calls down the wrath of Beogh upon you.
Beogh smites you!
* * * LOW HITPOINT WARNING * * *
The barbed spikes dig painfully into your body as you move.
* * * LOW HITPOINT WARNING * * *
You feel much better.
The manticore flicks its tail.
The volley of spikes misses you.
The barbed spikes dig painfully into your body as you move.
* * * LOW HITPOINT WARNING * * *
The orc priest mumbles some strange prayers to Beogh against you.
Beogh smites you!
* * * LOW HITPOINT WARNING * * *
The barbed spikes dig painfully into your body as you move.
* * * LOW HITPOINT WARNING * * *
The manticore flicks its tail.
The volley of spikes hits you but does no damage.
The barbed spikes dig painfully into your body as you move.
* * * LOW HITPOINT WARNING * * *
The barbed spikes dig painfully into your body as you move.
You die...

..# ######...#)...###
..# ##.....### ..#
##.∩.## ..# #....## ..#
###.#...#### #.#
#.).#.#....##
..#########.###.####..#
............# #.##
##.### ..........###
#.@# #...## ..........#
##.######..#
>....oo.o.##
#.........#
...o..o.H..#
##H.########
....######.####...#
.o..........o..o#.#
..>.######..#####.#
....# ##..####.# ....#
##....#.####


You could see a manticore and an orc priest.

Vanquished Creatures
  2 two-headed ogres (D:9)
  An orc knight (Bailey)
  2 manticores (D:11)
  The ghost of emiel the Basher, a novice DsAK of Lugonu (D:6)
  Psyche (D:11)
  A komodo dragon (D:10)
  A troll (D:11)
  Grinder (D:5)
  Sigmund (D:2)
  8 yaks
  2 wyverns (D:9)
  A vampire (D:11)
  A wraith (D:10)
  3 water moccasins
  A black bear (D:6)
  3 ice beasts
  4 orc warriors
  2 necrophages
  An ogre (D:5)
  6 centaurs
  3 phantoms
  2 kobold brigands
  2 bullfrogs
  A wyvern zombie (D:7)
  2 scorpions
  A water moccasin skeleton (D:5)
  10 killer bees
  5 wights (D:9)
  5 howler monkeys (D:10)
  A bullfrog zombie (D:6)
  2 centaur zombies
  2 hounds
  2 orc priests (D:7)
  2 jellies
  2 centaur skeletons
  3 iguanas
  2 orc wizards
  A hound skeleton (D:5)
  13 gnolls
  A howler monkey skeleton (D:6)
  8 adders
  2 white imps
  3 ufetubi
  A worm (D:2)
  2 dart slugs
  16 orcs
  6 bats
  4 endoplasms
  6 giant cockroaches
  12 goblins
  4 hobgoblins
  2 jackals (D:3)
  6 quokkas
  7 ball pythons
  6 frilled lizards
  13 kobolds
  5 rats
208 creatures vanquished.

Vanquished Creatures (others)
  An unseen horror (D:11)
  7 plants (D:4)
8 creatures vanquished.

Grand Total: 216 creatures vanquished

Notes
Turn   | Place    | Note
-------+----------+-------------------------------------------
     0 | D:1      | Arzdou the Minotaur Berserker began the quest for the Orb.
     0 | D:1      | Reached XP level 1. HP: 19/19 MP: 0/0
   288 | D:1      | Found a faded altar of an unknown god.
   332 | D:1      | Reached skill level 4 in Axes
   336 | D:1      | Reached XP level 2. HP: 20/27 MP: 1/1
   959 | D:2      | Reached XP level 3. HP: 30/33 MP: 2/2
  1087 | D:2      | Reached ** piety under Trog
  1172 | D:2      | Noticed Sigmund
  1190 | D:2      | Killed Sigmund
  1191 | D:2      | Reached skill level 5 in Axes
  1191 | D:2      | Reached skill level 1 in Stealth
  1191 | D:2      | Reached XP level 4. HP: 32/41 MP: 3/3
  1191 | D:2      | Reached XP level 5. HP: 37/47 MP: 4/4
  1660 | D:2      | Reached skill level 6 in Axes
  1790 | D:3      | Upgraded the game from 0.27-a0-1319-geec4fb4e21 to
                  | 0.27-a0-1324-ge0d8e047f6
  1836 | D:3      | Found a blossoming altar of Fedhas.
  1873 | D:3      | Reached skill level 5 in Fighting
  1873 | D:3      | Reached XP level 6. HP: 8/56 MP: 5/5
  3622 | D:4      | Reached skill level 7 in Axes
  3826 | D:4      | Found a burning altar of Makhleb.
  3877 | D:4      | Reached XP level 7. HP: 56/61 MP: 6/6
  4435 | D:5      | Entered Level 5 of the Dungeon
  4794 | D:5      | Noticed Grinder
  4814 | D:5      | Killed Grinder
  4815 | D:5      | Reached skill level 8 in Axes
  5084 | D:5      | Found a staircase to the Ecumenical Temple.
  5123 | D:5      | Reached XP level 8. HP: 70/70 MP: 7/7
  5130 | D:5      | Reached skill level 5 in Armour
  5640 | D:6      | Found a runed translucent door.
  5651 | D:6      | Noticed emiel's ghost (novice DsAK)
  5838 | D:6      | Killed emiel's ghost
  5839 | D:6      | Reached skill level 9 in Axes
  6149 | D:6      | Reached XP level 9. HP: 74/79 MP: 8/8
  6194 | D:6      | Found a radiant altar of Vehumet.
  6460 | D:6      | Found an iron altar of Okawaru.
  6475 | D:6      | Reached *** piety under Trog
  6575 | D:7      | Found a transporter.
  6593 | D:7      | Noticed a kobold demonologist
  6614 | D:7      | Found a transporter.
  6696 | D:7      | Found a bloodstained altar of Trog.
  6712 | D:7      | Reached skill level 5 in Dodging
  7141 | D:7      | Reached skill level 10 in Axes
  8210 | D:8      | Found a sacrificial altar of Ru.
  8626 | D:8      | Reached skill level 11 in Axes
  8631 | D:8      | Reached **** piety under Trog
  9144 | D:9      | Reached XP level 10. HP: 72/90 MP: 9/9
  9151 | D:9      | Noticed a two-headed ogre
  9155 | D:9      | Found a shimmering altar of Xom.
  9225 | D:10     | Entered Level 10 of the Dungeon
  9240 | D:9      | Killed a two-headed ogre
  9597 | D:9      | Found a flagged portal.
  9622 | Bailey   | Entered a bailey
  9676 | Bailey   | Found a burning altar of Makhleb.
  9676 | Bailey   | Noticed an orc knight
  9698 | Bailey   | Killed an orc knight
  9699 | Bailey   | Reached skill level 12 in Axes
 10405 | D:9      | Noticed a two-headed ogre
 10412 | D:9      | Killed a two-headed ogre
 10413 | D:9      | Reached skill level 10 in Armour
 11005 | D:10     | Found a staircase to the Lair.
 11064 | D:10     | Reached XP level 11. HP: 57/97 MP: 10/10
 11091 | D:10     | HP: 7/145 [orc warrior (19)]
 11455 | D:10     | Found Xury's Serpentskin Sales.
 11467 | D:10     | Bought a ring of poison resistance for 280 gold pieces
 11635 | D:10     | Reached skill level 13 in Axes
 12185 | D:11     | Found Tytoofim's Distillery.
 12193 | D:11     | Noticed Psyche
 12198 | D:11     | Killed Psyche
 12223 | D:11     | Bought a potion of invisibility for 104 gold pieces
 12223 | D:11     | Bought a potion of experience for 650 gold pieces
 12223 | D:11     | Bought a potion of heal wounds for 65 gold pieces
 12223 | D:11     | Reached skill level 10 in Fighting
 12223 | D:11     | Reached XP level 12. HP: 50/108 MP: 7/11
 12498 | D:11     | Reached skill level 14 in Axes
 12519 | D:11     | HP: 4/108 [barbs]
 12520 | D:11     | HP: 1/108 [barbs]
 12521 | D:11     | Succumbed to barbed spike wounds

Illustrated notes

Levels and vault maps discovered:
D:1:      giann_wishing_wells, layout_rooms,
          shapermc_ecumenical_altar_mp_vishouse, minmay_cupped
D:2:      layout_rooms, fountainhead, uniq_sigmund
D:3:      layout_rooms, amcnicky_altar_gilded, interstate_on_off
D:4:      layout_cave_pools, lemuel_doored_altar, chequers_big_river
D:5:      layout_cave_pools, temple_fountains, uniq_grinder
D:6:      layout_basic, nicolae_overflow_crystal_walls,
          lemuel_coloured_pillars_altar, hellmonk_ghost_happy_afterlife
D:7:      gammafunk_wand_slinger, layout_loops_ring, old_standard_altar,
          abandoned_shop
D:8:      layout_basic, nicolae_ru_great_annihilating_truth
D:9:      layout_basic, kennysheep_mini, enter_bailey_5,
          kennysheep_generic_room_15
D:10:     layout_long_grid, dpeg_oklobed_lair, guppyfry_shop_venom
D:11:     layout_rooms, serial_shops, nicolae_shop_stone,
          kennysheep_generic_room_8, uniq_psyche

Skill      XL: |  1  2  3  4  5  6  7  8  9 10 11 12 |
---------------+-------------------------------------+-----
Axes           | 4 5 6 7 8 9 11 12 13 14 | 14.0
Fighting       | 4 5 6 7 8 9 10 | 10.7
Armour         | 3 4 7 8 10 11 | 11.9
Dodging        | 3 4 5 |  5.6
Stealth        | 1 2 3 4 6 |  6.7

Action                   |  1- 3 |  4- 6 |  7- 9 | 10-12 || total
-------------------------+-------+-------+-------+-------++-------
Melee: Hand axe          |    64 |   102 |   100 |       ||   266
       Headbutt          |     9 |    23 |    52 |    37 ||   121
       War axe           |       |       |   142 |   154 ||   296
Invok: Berserk           |     1 |     1 |     4 |     5 ||    11
       Trog's Hand       |       |       |       |     2 ||     2
  Use: Scroll            |       |     6 |     8 |     7 ||    21
       Potion            |       |       |     2 |     4 ||     6
 Stab: Sleeping          |       |     1 |     7 |     1 ||     9
Armor: Animal skin       |     6 |       |       |       ||     6
       Leather armour    |     7 |    15 |     2 |       ||    24
       Ring mail         |       |       |    48 |       ||    48
       Shadow dragon sca |       |       |    69 |   136 ||   205
Dodge: Dodged            |    40 |    68 |   150 |   124 ||   382

Table legend: (Time is in decaauts)
 A = Elapsed time spent in this place.
 B = Non-inter-level travel time spent in this place.
 C = Inter-level travel time spent in this place.
 D = Time resting spent in this place.
 E = Time spent auto-exploring this place.
 F = Levels seen in this place.
 G = Mean time per level.
                   A        B        C        D        E       F      G
               +--------+--------+--------+--------+--------+-----+--------+
         Total |  12626 |  12074 |    552 |      0 |  10253 |  12 | 1052.2 |
       Dungeon |  12173 |  11621 |    552 |      0 |   9939 |  11 | 1106.6 |
        Bailey |    452 |    452 |      0 |      0 |    314 |   1 |  452.0 |
               +--------+--------+--------+--------+--------+-----+--------+

Top non-repeatable levels by time:
     D:3: 1522 daAuts
     D:9: 1335 daAuts
     D:8: 1332 daAuts
     D:7: 1296 daAuts
     D:4: 1155 daAuts
     D:6: 1126 daAuts
    D:10: 1036 daAuts
     D:5: 960 daAuts
     D:1: 951 daAuts
     D:2: 849 daAuts
    D:11: 607 daAuts
  Bailey: 452 daAuts
